 Dungeon Crawl Stone Soup version 0.30-a0-1160-g6e42c06551 (webtiles) character file.

Game seed: 16891997272331758844

7854 Anamonty the Nimble (level 11, 0/78 HPs)
             Began as an Octopode Venom Mage on Apr 26, 2023.
             Was a Believer of Qazlal.
             Slain by a vampire (7 damage)
             ... on level 9 of the Dungeon.
             The game lasted 00:14:50 (10064 turns).

Anamonty the Nimble (Octopode Venom Mage)          Turns: 10064, Time: 00:14:50

Health: 0/78       AC:  5    Str: 11    XL:     11   Next: 21%
Magic:  23/23      EV: 17    Int: 24    God:    Qazlal [**....]
Gold:   273        SH:  3    Dex: 13    Spells: 19/27 levels left

rFire   + . .        s - +2 short sword (venom)
rCold   . . .        (no shield)
rNeg    . . .        (helmet restricted)
rPois   .            (no amulet)
rElec   .            c - +6 ring of intelligence
rCorr   .            i - +4 ring of protection
SInv    .            f - ring of protection from fire
Will    .....        r - ring of flight
Stlth   +++          (no ring)
HPRegen 0.33/turn    (no ring)
MPRegen 0.18/turn    (no ring)
                     (no ring)

%: no passive effects
@: flying
A: almost no armour, amphibious, 8 rings, camouflage 1, gelatinous body 1,
(nimble swimmer 1), tentacles
a: Renounce Religion, Upheaval


You were on level 9 of the Dungeon.
You worshipped Qazlal.
Qazlal was pleased with you.
You visited 2 branches of the dungeon, and saw 10 of its levels.

You collected 573 gold pieces.
You spent 300 gold pieces at shops.

Inventory:

Hand Weapons
 j - a +0 short sword of holy wrath
 s - a +2 short sword of venom (weapon)
Missiles
 g - 4 throwing nets
Jewellery
 c - a +6 ring of intelligence (left tentacle)
 f - a ring of protection from fire (on tentacle)
 i - a +4 ring of protection (right tentacle)
 r - a ring of flight (on tentacle)
Wands
 B - a wand of mindburst (13) (quivered)
 I - a wand of roots (17)
Scrolls
 b - 3 scrolls of enchant armour
 e - 5 scrolls of poison
 m - 2 scrolls of immolation {unknown}
 n - a scroll of magic mapping {unknown}
 u - 2 scrolls of vulnerability {unknown}
 w - a scroll of fog {unknown}
 x - 2 scrolls of enchant weapon {unknown}
 y - 3 scrolls of fear {unknown}
 z - 2 scrolls of teleportation {unknown}
 A - 3 scrolls of summoning
 C - 3 scrolls of identify
 E - a scroll of torment {unknown}
 J - 2 scrolls of amnesia {unknown}
Potions
 a - 3 potions of magic
 d - 3 potions of heal wounds
 h - 3 potions of attraction
 k - a potion of experience {unknown}
 l - a potion of mutation {unknown}
 o - 3 potions of curing
 p - a potion of lignification
 q - 2 potions of might
 t - 4 potions of brilliance
 v - 2 potions of resistance {unknown}
 D - a potion of berserk rage {unknown}
 F - a potion of invisibility
 G - a potion of flight
 H - a potion of haste


   Skills:
 + Level 8.8 Fighting
 + Level 9.4 Dodging
 - Level 2.6 Stealth
 + Level 8.7 Spellcasting
 - Level 1.0 Transmutations
 - Level 9.0 Poison Magic


You had 19 spell levels left.
You knew the following spells:

 Your Spells              Type           Power      Damage    Failure   Level
a - Sting                 Tmut/Pois      100%       1d8       1%          1
b - Olgreb's Toxic Radia  Pois           52%        N/A       1%          4
c - Mephitic Cloud        Conj/Pois/Air  24%        N/A       5%          3

Your spell library contained the following spells:

 Spells                   Type           Power      Damage    Failure   Level
 Poisonous Vapours        Pois/Air       64%        N/A       1%          2
 Freeze                   Ice            40%        1d6       6%          1
 Kiss of Death            Conj/Necr      40%        2d8       6%          1
 Confusing Touch          Hex            10%        N/A       19%         3
 Frozen Ramparts          Ice            20%        1d4       19%         3
 Hailstorm                Conj/Ice       10%        3d5       19%         3
 Stone Arrow              Conj/Erth      20%        3d8       19%         3
 Vhi's Electric Charge    Tloc/Air       20%        N/A       19%         3
 Dispel Undead            Necr           10%        3d9       52%         4
 Arcjolt                  Conj/Air       5%         1d15      86%         5
 Borgnjor's Revivificati  Necr           5%         N/A       100%        8
 Lehudib's Crystal Spear  Conj/Erth      5%         10d3      100%        8
 Maxwell's Capacitive Co  Air            5%         ∞         100%        8
 Necromutation            Tmut/Necr      6%         N/A       100%        8
 Death's Door             Necr           5%         N/A       100%        9
 Animate Armour           Summ/Erth      Unusable   N/A       N/A         4

Dungeon Overview and Level Annotations

Branches:
Dungeon (9/15)             Temple (1/1) D:5            Lair (0/5) D:8
    Orc: D:9-12

Altars:
Ashenzari
Fedhas
Hepliaklqana
Makhleb
Nemelex Xobeh
Okawaru
Qazlal
Ru
Sif Muna
Trog
Uskayaw
Vehumet
Wu Jian
Xom
Yredelemnul
Zin
The Shining One

Shops:
D:4 [   D:7 !

Annotations:
D:8 1 runed translucent door, caveywoolpert's ghost, novice GrEE


Innate Abilities, Weirdness & Mutations

You cannot wear most types of armour.
You are amphibious.
You can wear up to eight rings at the same time.
Your skin changes colour to match your surroundings (Stealth+).
Your rubbery body absorbs attacks. (AC +1, EV +1)
((You are camouflaged when in or above water. (Stealth+)))
You have tentacles for arms and can constrict up to eight enemies at once.


Message History

Unknown command.
You see here a +0 leather armour.
Something hits you but does no damage. Something bites you.
Something draws strength from your injuries!
Something barely misses you. You block something's attack.
Casting: Olgreb's Toxic Radiance (dangerous; 1% risk of failure)
Confirm with . or Enter, or press ? or * to list all spells.
Okay, then.
Aiming: Mindburst
Press: ? - help, Q - select action, (/) - cycle Shift-Dir - straight line Nothing appears to happen.
Something hits you! Something bites you!
Something draws strength from your injuries!
Unknown command.
Aiming: Mindburst
Press: ? - help, Q - select action, (/) - cycle Shift-Dir - straight line Nothing appears to happen.
You hear some strange, mumbled words.
You are confused.
Unknown command.
You are too confused!
Unknown command.
You miss something. Something draws life force from you!!
You hit something. Something completely misses you.
Something barely misses you.
You hit something but do no damage. Something barely misses you.
Something bites you!
Something draws strength from your injuries!
You barely miss something. Something hits you.
* * * LOW HITPOINT WARNING * * *
Something bites you!
* * * LOW HITPOINT WARNING * * *
Something draws strength from your injuries!
You're too confused to move!
Something hits you!
* * * LOW HITPOINT WARNING * * *
Something bites you.
* * * LOW HITPOINT WARNING * * *
Something draws strength from your injuries!
You feel better. Something hits you!
You die...

##...##.#####
##.###.#
#######.# #.#
........# #.#
######### #.#
#.# #.######
#......#
######@# #
#{#
...########.#
...........[#
###......#
#.###.## #.
#.# #. #.# #.
..#


There were no monsters in sight!

Vanquished Creatures
  A two-headed ogre (D:9)
  Pikel (D:9)
  A moth of wrath (D:8)
  A komodo dragon (D:8)
  A wyvern (D:9)
  Eustachio (D:5)
  16 yaks
  Menkaure (D:6)
  Edmund (D:9)
  2 water moccasins (D:6)
  An acid dragon (D:9)
  Duvessa (D:5)
  An orc warrior (D:7)
  A sky beast (D:8)
  A black bear (D:5)
  6 ogres
  3 centaurs
  A phantom (D:4)
  3 lemures (D:9)
  4 bullfrogs
  2 scorpions (D:6)
  Dowan (D:5)
  5 wights
  6 killer bees (D:7)
  2 lava snakes (D:7)
  2 quasits (D:7)
  2 jellies
  3 orc priests
  A sleepcap (D:6)
  3 iguanas
  6 orc wizards
  Robin (D:2)
  15 gnolls
  6 adders
  A shadow imp (D:8)
  A white imp (D:8)
  3 ufetubi (D:7)
  5 worms
  4 dart slugs
  27 orcs
  8 ball pythons
  6 endoplasms
  4 giant cockroaches
  16 goblins
  8 hobgoblins
  2 jackals (D:2)
  5 kobolds
  4 quokkas
  10 bats
  2 frilled lizards
  5 rats
  A spectral orc (D:4)
215 creatures vanquished.

Vanquished Creatures (others)
  A demonic plant (D:7)
  5 plants (D:8)
6 creatures vanquished.

Grand Total: 221 creatures vanquished

Notes
Turn   | Place    | Note
-------+----------+-------------------------------------------
     0 | D:1      | Anamonty the Octopode Venom Mage began the quest for the
                  | Orb.
     0 | D:1      | Reached XP level 1. HP: 11/11 MP: 3/3
    21 | D:1      | Found a faded altar of an unknown god.
   154 | D:1      | Reached XP level 2. HP: 15/17 MP: 3/5
   905 | D:2      | Reached XP level 3. HP: 20/21 MP: 3/6
  1137 | D:2      | Reached XP level 4. HP: 27/27 MP: 7/7
  1145 | D:2      | Learned a level 4 spell: Olgreb's Toxic Radiance
  1160 | D:2      | Reached skill level 5 in Poison Magic
  1247 | D:2      | Noticed Robin
  1267 | D:2      | Killed Robin
  1268 | D:2      | Reached XP level 5. HP: 14/32 MP: 1/9
  1842 | D:3      | Learned a level 3 spell: Mephitic Cloud
  1960 | D:3      | Reached skill level 1 in Fighting
  2408 | D:3      | Found a sacrificial altar of Ru.
  2409 | D:3      | Found a broken altar of Ashenzari.
  2410 | D:3      | Found a radiant altar of Vehumet.
  2411 | D:3      | Found an ornate altar of the Wu Jian Council.
  2412 | D:3      | Found a sparkling altar of Nemelex Xobeh.
  2415 | D:3      | Found a hazy altar of Hepliaklqana.
  2647 | D:4      | Noticed a phantom
  2662 | D:4      | Killed a phantom
  2663 | D:4      | Reached XP level 6. HP: 28/39 MP: 10/10
  3000 | D:4      | Reached XP level 7. HP: 26/45 MP: 7/12
  3085 | D:4      | Found Fynoehuniu's Antique Armour Shoppe.
  3276 | D:4      | Found a basalt altar of Yredelemnul.
  3758 | D:5      | Entered Level 5 of the Dungeon
  3949 | D:5      | Noticed Eustachio
  3963 | D:5      | Killed Eustachio
  4095 | D:5      | Found a staircase to the Ecumenical Temple.
  4137 | Temple   | Entered the Ecumenical Temple
  4166 | Temple   | Became a worshipper of Qazlal Stormbringer
  4234 | D:5      | Noticed Duvessa
  4235 | D:5      | Noticed Dowan
  4248 | D:5      | Killed Dowan
  4249 | D:5      | Reached XP level 8. HP: 16/52 MP: 3/14
  4407 | D:5      | Killed Duvessa
  4657 | D:5      | Found a shimmering altar of Xom.
  4662 | D:5      | Found a glowing golden altar of the Shining One.
  4884 | D:6      | Noticed Edmund
  5070 | D:6      | Reached skill level 5 in Dodging
  5076 | D:6      | Reached skill level 5 in Spellcasting
  5283 | D:6      | Found the +8 Vampire's Tooth {megavamp}
  5384 | D:6      | Reached XP level 9. HP: 59/59 MP: 8/16
  5538 | D:6      | Noticed Menkaure
  5555 | D:6      | Killed Menkaure
  6031 | D:6      | Reached skill level 5 in Fighting
  6179 | D:7      | Reached * piety under Qazlal
  6620 | D:7      | Found Ottixir's Distillery.
  6631 | D:7      | Bought a potion of heal wounds for 60 gold pieces
  6631 | D:7      | Bought a potion of invisibility for 96 gold pieces
  6631 | D:7      | Bought a potion of flight for 36 gold pieces
  6631 | D:7      | Bought 2 potions of brilliance for 96 gold pieces
  6631 | D:7      | Bought a potion of degeneration for 12 gold pieces
  7249 | D:7      | Found an iron altar of Okawaru.
  7537 | D:8      | Reached ** piety under Qazlal
  7646 | D:8      | Found a glowing silver altar of Zin.
  7790 | D:8      | Reached XP level 10. HP: 57/69 MP: 3/20
  8379 | D:8      | Found a runed translucent door.
  8380 | D:8      | Noticed caveywoolpert's ghost (novice GrEE)
  8416 | D:8      | Found a burning altar of Makhleb.
  8835 | D:8      | Noticed a moth of wrath
  8861 | D:8      | Killed a moth of wrath
  8862 | D:8      | Found a bloodstained altar of Trog.
  9119 | D:8      | Found a staircase to the Lair.
  9296 | D:9      | Noticed Pikel
  9305 | D:9      | Killed Pikel
  9324 | D:9      | Reached XP level 11. HP: 55/78 MP: 3/23
  9338 | D:9      | Killed Edmund
  9723 | D:9      | Noticed a two-headed ogre
  9733 | D:9      | Killed a two-headed ogre
 10063 | D:9      | HP: 3/78 [something (11)]
 10064 | D:9      | Slain by a vampire

Illustrated notes

Levels and vault maps discovered:
D:1:      psy_arrival_radial01, layout_basic,
          chequers_ecumenical_altar_simple_redux
D:2:      layout_loops_cross, uniq_robin
D:3:      layout_loops_ring, grunt_temple_overflow_open
D:4:      layout_loops_ring, yredelemnul_forgotten_temple_becter, serial_shops,
          nicolae_inconvenience_store
D:5:      layout_gridville, minitemple, minmay_temple_entry_ruins,
          uniq_eustachio, uniq_duvessa
D:6:      layout_gridville, minmay_holes, due_unseen_surprise, uniq_edmund,
          uniq_menkaure
D:7:      layout_cave_pods, kennysheep_okawaru_gauntlet, serial_demonic,
          serial_demonic_d, serial_demonic_f, serial_demonic_b,
          serial_demonic_d, serial_demonic_e, serial_shops,
          nicolae_shop_real_fake_doors, nicolae_kite_square_tiling_tiny
D:8:      layout_cave_pods, mainiacjoe_overflow_chevrons, tgw_trog,
          mainiacjoe_overflow_boulevard, david_lair_shrubbed,
          gammafunk_ghost_grave, serial_co_window_serial, co_window_corner_a,
          co_window_paths_a, co_window_cross_1, co_window_paths_a,
          co_window_paths_b, co_window_paths_c, co_window_corner_b,
          co_window_2corner, co_window_unsneaky_path_a, glass_columns_a,
          glass_columns_a
D:9:      layout_loops_ring, uniq_pikel
Temple:   hellmonk_temple_beads

Skill      XL: |  1  2  3  4  5  6  7  8  9 10 |
---------------+-------------------------------+-----
Poison Magic   | 4 5 6 7 9 |  9.0
Dodging        | 3 4 5 7 9 |  9.4
Spellcasting   | 3 4 5 6 8 |  8.7
Fighting       | 1 2 3 4 6 8 |  8.8
Stealth        | |  2.6
Transmutations | |  1.0

Action                     |  1- 3 |  4- 6 |  7- 9 | 10-12 || total
---------------------------+-------+-------+-------+-------++-------
  Melee: Unarmed           |    41 |       |       |       ||    41
         Constrict         |    14 |    22 |    24 |    12 ||    72
         Tentacles         |    15 |    12 |    36 |    28 ||    91
         Short sword       |    12 |   105 |   126 |    89 ||   332
         Punch             |       |     3 |     2 |     3 ||     8
   Cast: Sting             |    25 |     7 |    21 |     7 ||    60
         Olgreb's Toxic Ra |       |    11 |    30 |    16 ||    57
         Mephitic Cloud    |       |       |    12 |    10 ||    22
  Evoke: Wand              |       |       |       |    10 ||    10
    Use: Scroll            |       |       |     7 |       ||     7
         Potion            |       |       |     1 |     1 ||     2
   Stab: Sleeping          |       |    13 |    10 |       ||    23
         Confused          |       |       |     1 |     3 ||     4
 Armour: Skin              |    15 |    23 |    38 |     2 ||    78
  Dodge: Dodged            |    49 |    72 |   105 |    58 ||   284
  Block: Other             |       |       |     3 |     7 ||    10

Table legend: (Time is in decaauts)
 A = Elapsed time spent in this place.
 B = Non-inter-level travel time spent in this place.
 C = Inter-level travel time spent in this place.
 D = Time resting spent in this place.
 E = Time spent auto-exploring this place.
 F = Levels seen in this place.
 G = Mean time per level.
                   A        B        C        D        E       F      G
               +--------+--------+--------+--------+--------+-----+--------+
         Total |  10067 |   9705 |    362 |    100 |   7954 |  10 | 1006.7 |
       Dungeon |   9878 |   9546 |    332 |    100 |   7804 |   9 | 1097.6 |
        Temple |    189 |    159 |     30 |      0 |    150 |   1 |  189.0 |
               +--------+--------+--------+--------+--------+-----+--------+

Top non-repeatable levels by time:
     D:8: 1901 daAuts
     D:6: 1344 daAuts
     D:7: 1280 daAuts
     D:4: 1113 daAuts
     D:2: 1111 daAuts
     D:5: 1063 daAuts
     D:3: 809 daAuts
     D:1: 724 daAuts
     D:9: 530 daAuts
  Temple: 189 daAuts
